 Dungeon Crawl Stone Soup version 0.29.0-7-g18a832c13a (webtiles) character file.

Game seed: 4846676070618674962

126 haemogoblin the Poker (level 5, 0/42 HPs)
             Began as a Merfolk Chaos Knight on Sept 1, 2022.
             Was a Plaything of Xom.
             Slain by a howler monkey (4 damage)
             ... on level 3 of the Dungeon.
             The game lasted 00:06:59 (2217 turns).

haemogoblin the Poker (Merfolk Chaos Knight)        Turns: 2217, Time: 00:06:59

Health: 0/42       AC:  5    Str: 14    XL:     5   Next: 9%
Magic:  5/5        EV: 12    Int: 10    God:    Xom [*.....]
Gold:   210        SH:  0    Dex: 13    Spells: 4/4 levels left

rFire   . . .      SeeInvis .   a - +0 spear (chaos)
rCold   . . .      Faith    .   (no shield)
rNeg    . . .      Spirit   .   b - +2 leather armour
rPois   .          Reflect  .   (no helmet)
rElec   .          Harm     .   (no cloak)
rCorr   .          Rampage  .   (no gloves)
Will    .....                   (no boots)
Stlth   +.........              (no amulet)
HPRegen 0.14/turn               (no ring)
MPRegen 0.09/turn               (no ring)

@: no status effects
A: (nimble swimmer 2), mertail, fangs 1, dopey 1
a: Renounce Religion


You were on level 3 of the Dungeon.
You worshipped Xom.
You were a special plaything of Xom.
You visited 1 branch of the dungeon, and saw 3 of its levels.

You collected 210 gold pieces.

Inventory:

Hand Weapons
 a - a +0 spear of chaos (weapon)
 d - a +0 sling
Missiles
 e - 30 stones
 f - 4 poisoned darts
Armour
 b - a +2 leather armour (worn)
Scrolls
 g - a scroll of silence {unknown}
 h - a scroll of noise {unknown}
 i - a scroll of summoning {unknown}
 l - a scroll of identify {unknown}
Potions
 j - a potion of lignification {unknown}
 k - a potion of flight {unknown}
 m - a potion of cancellation {unknown}
Miscellaneous
 c - a piece from Xom's chessboard (15/15) (quivered)


   Skills:
 + Level 4.3 Fighting
 + Level 5.3 Polearms
 + Level 1.8 Armour
 + Level 3.4 Dodging
 + Level 0.2 Stealth


You had 4 spell levels left.
You didn't know any spells.
Your spell library contained the following spells:

 Spells                   Type           Power      Damage    Failure   Level
 Apportation              Tloc           0%         N/A       43%         1
 Necrotise                Necr           0%         1d4       43%         1
 Summon Small Mammal      Summ           0%         N/A       43%         1
 Gell's Gravitas          Tloc           0%         N/A       80%         3
 Lesser Beckoning         Tloc           0%         N/A       80%         3
 Teleport Other           Tloc           0%         N/A       80%         3


Dungeon Overview and Level Annotations

Branches:
Dungeon (3/15)

Altars:


Innate Abilities, Weirdness & Mutations

((You are very nimble when in or above water. (Stealth+, EV+, Speed+++)))
Your lower body shifts to a powerful aquatic tail in water.
You have very sharp teeth.
You are dopey. (Int -2)


Message History

You're too confused to move!
A magic dart appears from out of thin air!
The magic dart hits you.
You hear some strange, mumbled words.
A puff of flame appears from out of thin air!
The puff of flame hits your ufetubus!
Your ufetubus is burned terribly!
Your ufetubus dies!
Your ufetubus degenerates into a cloud of primal chaos!
You're too confused to move!
You feel less confused. Something hits you. The orc attacks as you move away!
The orc closely misses you. Something hits you but does no damage.
Something hits you. The orc attacks as you move away!
The orc hits you with a +0 morningstar! The orc attacks as you move away!
The orc hits you with a +0 morningstar.
You hit the orc but do no damage. Lightning courses through the orc!
You kill the orc!
You hit something but do no damage. You miss something. Something hits you.
* * * LOW HITPOINT WARNING * * *
You closely miss something. Something hits you.
* * * LOW HITPOINT WARNING * * *
You closely miss something. Something hits you.
* * * LOW HITPOINT WARNING * * *
You barely miss something.
You hear some strange, mumbled words.
A puff of flame appears from out of thin air!
The puff of flame hits you.
* * * LOW HITPOINT WARNING * * *
You hit something.
A howler monkey appears out of thin air!
Reactivating autopickup.
You bite the howler monkey, but do no damage.
The howler monkey closely misses you.
You hit the howler monkey.
The howler monkey is moderately wounded.
The howler monkey hits you.
You die...

.............<.)..
...."..............
...o...............
..................#
........)....####.#.#.
...................>..
#####....).....#.#
#..........#.#
##.....†....h@#..
##..........####.#
#<..........###..#..
............††........
..............#...#...
............).#.###
........#####)..#
.#####......†.### .
.................


You could see a howler monkey.

Vanquished Creatures
  5 adders (D:2)
  2 orcs (D:3)
  5 bats
  3 endoplasms (D:2)
  A giant cockroach (D:2)
  3 goblins
  7 hobgoblins
  3 jackals (D:1)
  5 kobolds
  A quokka (D:1)
  4 ball pythons
  4 frilled lizards
  3 rats
46 creatures vanquished.

Vanquished Creatures (collateral kills)
  An orc priest (D:3)
  2 orcs (D:3)
3 creatures vanquished.

Grand Total: 49 creatures vanquished

Notes
Turn   | Place    | Note
-------+----------+-------------------------------------------
     0 | D:1      | haemogoblin the Merfolk Chaos Knight began the quest for
                  | the Orb.
     0 | D:1      | Reached XP level 1. HP: 18/18 MP: 1/1
   237 | D:1      | XOM: divination: detect items
   251 | D:1      | Reached XP level 2. HP: 13/24 MP: 2/2
  1185 | D:1      | XOM: give mutations
  1185 | D:1      | Gained mutation: You have very sharp teeth. [Xom's
                  | mischief]
  1185 | D:1      | Gained mutation: You are dopey. (Int -2) [Xom's mischief]
  1421 | D:2      | Reached XP level 3. HP: 17/30 MP: 3/3
  1425 | D:2      | Reached skill level 1 in Armour
  1894 | D:2      | Reached XP level 4. HP: 30/37 MP: 4/4
  1901 | D:2      | XOM: smoke on damage
  2044 | D:2      | Reached skill level 5 in Polearms
  2193 | D:3      | XOM: summons 2 friendly demons
  2201 | D:3      | Reached XP level 5. HP: 38/42 MP: 5/5
  2217 | D:3      | Slain by a howler monkey

Illustrated notes

Levels and vault maps discovered:
D:1:      minmay_arrival_semitransparent, layout_loops_corners,
          item_on_display_a
D:2:      layout_rooms
D:3:      layout_rooms, shapermc_ecumenical_altar_totnotflames, serial_shops,
          nicolae_shop_advertising_works [nicolae_subvault_shop_adworks]

Skill      XL: |  1  2  3  4 |
---------------+-------------+-----
Dodging        | 3 |  3.4
Fighting       | 4 |  4.3
Armour         | 1 |  1.8
Polearms       | 5 |  5.3
Stealth        | |  0.2

Action                   |  1- 3 |  4- 6 || total
-------------------------+-------+-------++-------
Melee: Spear             |   122 |    39 ||   161
       Bite              |     2 |     6 ||     8
       Punch             |       |     1 ||     1
Armor: Leather armour    |    35 |    11 ||    46
Dodge: Dodged            |    82 |    28 ||   110
